General information
- name: BNet
- type: Ladder team game (AT/RT)
- host: Battle.net
- saver: iggyiggyiggy
map: Everfrost
- players: 6
- length: 41:50
- speed: Fast
- version: 1.21 W3XP
- replay type:

» download(291 KB)
Players
team 1 (winner)
HIGHPERCH (
blue | 124 APM | 5201 actions | 41:49)
4 Archmage
2 Blizzard
2 Brilliance Aura
4 Mountain King
2 Storm Bolt
2 Bash
» actions
| Assign group hotkey | 19 | |
| Basic commands | 1 | |
| Build / train | 115 | |
| Enter build submenu | 60 | |
| Enter hero's abilities submenu | 8 | |
| Give item / drop item | 5 | |
| Remove unit from queue | 9 | |
| Right click | 3041 | |
| Select / deselect | 528 | |
| Select group hotkey | 1227 | |
| Use ability | 188 | |
5201 total
» units
| Peasant | 17 | |
| Gryphon Rider | 11 | |
| Dragonhawk Rider | 3 | |
31 total
» upgrades
| Masonry | 3 | |
| Lumber Harvesting | 1 | |
| Swords | 3 | |
| Storm Hammers | 1 | |
| Armor | 3 | |
| Animal War Training | 1 | |
| Magic Sentry | 1 | |
| Cloud | 1 | |
14 total
» buildings
| Altar of Kings | 1 | |
| Farm | 10 | |
| Lumber Mill | 2 | |
| Scout Tower | 47 | |
| Guard Tower | 33 | |
| Keep | 1 | |
| Blacksmith | 1 | |
| Arcane Vault | 3 | |
| Castle | 4 | |
| Town Hall | 1 | |
| Gryphon Aviary | 2 | |
| Barracks | 1 | |
| Arcane Sanctum | 1 | |
107 total
» build order
00:10 Altar of Kings
00:19 Farm
00:49 Lumber Mill
00:59 Scout Tower
01:05 Farm
02:00 Scout Tower
02:05 Scout Tower
02:07 Scout Tower
02:17 Scout Tower
02:23 Scout Tower
02:43 Guard Tower
03:01 Guard Tower
03:09 Guard Tower
03:31 Scout Tower
03:34 Scout Tower
03:37 Guard Tower
03:52 Scout Tower
04:00 Guard Tower
04:05 Scout Tower
05:11 Guard Tower
05:15 Guard Tower
05:16 Keep
05:21 Guard Tower
05:24 Scout Tower
05:53 Scout Tower
06:05 Scout Tower
06:23 Guard Tower
06:26 Scout Tower
06:37 Guard Tower
06:39 Scout Tower
06:43 Blacksmith
06:53 Farm
07:06 Guard Tower
07:08 Arcane Vault
07:12 Arcane Vault
07:20 Guard Tower
07:24 Scout Tower
07:43 Arcane Vault
07:59 Castle
08:00 Castle
08:00 Castle
08:00 Castle
08:09 Scout Tower
08:10 Guard Tower
08:38 Scout Tower
08:39 Guard Tower
08:42 Farm
08:43 Farm
09:03 Scout Tower
09:12 Guard Tower
09:47 Guard Tower
09:51 Town Hall
10:03 Farm
10:08 Scout Tower
10:18 Gryphon Aviary
10:18 Gryphon Aviary
10:49 Guard Tower
10:50 Scout Tower
11:15 Scout Tower
11:45 Guard Tower
12:22 Guard Tower
12:24 Scout Tower
12:54 Guard Tower
12:55 Scout Tower
13:27 Guard Tower
13:28 Scout Tower
13:29 Scout Tower
14:03 Guard Tower
14:06 Scout Tower
14:07 Guard Tower
14:27 Guard Tower
14:48 Guard Tower
14:49 Guard Tower
14:50 Scout Tower
15:58 Guard Tower
16:48 Scout Tower
16:49 Scout Tower
16:50 Scout Tower
17:29 Scout Tower
17:29 Scout Tower
17:30 Scout Tower
19:40 Farm
19:41 Farm
19:42 Farm
19:43 Farm
19:45 Lumber Mill
19:46 Barracks
21:29 Arcane Sanctum
21:51 Scout Tower
21:51 Scout Tower
21:52 Scout Tower
23:04 Guard Tower
23:05 Scout Tower
23:06 Scout Tower
23:06 Scout Tower
23:09 Scout Tower
23:09 Scout Tower
23:31 Guard Tower
23:53 Guard Tower
23:54 Scout Tower
23:56 Scout Tower
23:56 Scout Tower
23:57 Scout Tower
23:58 Scout Tower
24:35 Guard Tower
24:51 Guard Tower
» items
| Boots of Speed | 2 | |
| Staff of Teleportation | 2 | |
| Scroll of Regeneration | 2 | |
| Lesser Clarity Potion | 1 | |
| Staff of Sanctuary | 2 | |
| Orb of Fire | 2 | |
| Scroll of Town Portal | 2 | |
13 total
iggyiggyiggy (
purple | 99 APM | 4156 actions | 41:50)
6 Mountain King
3 Storm Bolt
3 Bash
2 Paladin
1 Holy Light
1 Divine Shield
» actions
| Assign group hotkey | 213 | |
| Basic commands | 8 | |
| Build / train | 124 | |
| Enter build submenu | 76 | |
| Enter hero's abilities submenu | 9 | |
| Give item / drop item | 3 | |
| Remove unit from queue | 1 | |
| Right click | 1958 | |
| Select / deselect | 413 | |
| Select group hotkey | 1045 | |
| Use ability | 306 | |
4156 total
» units
| Peasant | 24 | |
| Dragonhawk Rider | 1 | |
| Sorceress | 3 | |
28 total
» upgrades
| Masonry | 3 | |
| Lumber Harvesting | 2 | |
| Magic Sentry | 1 | |
| Sorceress Training | 2 | |
8 total
» buildings
| Altar of Kings | 1 | |
| Lumber Mill | 1 | |
| Farm | 5 | |
| Scout Tower | 77 | |
| Arcane Tower | 2 | |
| Guard Tower | 41 | |
| Arcane Vault | 3 | |
| Town Hall | 1 | |
| Keep | 1 | |
| Castle | 3 | |
| Arcane Sanctum | 1 | |
| Gryphon Aviary | 1 | |
137 total
» build order
00:04 Altar of Kings
00:09 Lumber Mill
00:21 Farm
00:59 Scout Tower
01:10 Farm
01:29 Arcane Tower
01:34 Scout Tower
01:43 Farm
01:56 Scout Tower
02:12 Guard Tower
02:21 Scout Tower
02:38 Scout Tower
02:58 Guard Tower
03:00 Scout Tower
03:14 Scout Tower
03:22 Arcane Tower
03:29 Guard Tower
03:31 Scout Tower
03:46 Guard Tower
03:49 Arcane Vault
04:03 Guard Tower
04:07 Scout Tower
04:35 Guard Tower
04:48 Scout Tower
05:02 Scout Tower
05:16 Guard Tower
05:17 Scout Tower
05:35 Guard Tower
05:36 Scout Tower
05:54 Guard Tower
05:55 Scout Tower
06:17 Guard Tower
06:19 Scout Tower
06:23 Scout Tower
06:24 Guard Tower
07:10 Guard Tower
07:11 Scout Tower
07:12 Scout Tower
07:18 Town Hall
07:33 Scout Tower
07:34 Scout Tower
07:39 Guard Tower
07:48 Guard Tower
08:04 Scout Tower
08:05 Scout Tower
08:29 Keep
08:32 Guard Tower
08:32 Guard Tower
08:37 Scout Tower
08:38 Scout Tower
08:55 Guard Tower
08:58 Arcane Vault
09:19 Guard Tower
09:22 Scout Tower
09:24 Scout Tower
09:56 Guard Tower
09:58 Scout Tower
09:59 Scout Tower
11:06 Guard Tower
11:09 Scout Tower
11:10 Scout Tower
12:31 Guard Tower
12:31 Castle
12:32 Castle
12:33 Scout Tower
12:34 Scout Tower
12:47 Arcane Sanctum
12:48 Scout Tower
12:49 Scout Tower
12:50 Scout Tower
13:12 Guard Tower
13:13 Scout Tower
13:14 Scout Tower
13:58 Guard Tower
13:59 Scout Tower
14:01 Scout Tower
14:03 Scout Tower
14:04 Scout Tower
14:07 Scout Tower
14:28 Guard Tower
14:31 Scout Tower
14:32 Scout Tower
14:37 Guard Tower
14:39 Scout Tower
14:41 Scout Tower
14:41 Scout Tower
14:42 Scout Tower
15:21 Guard Tower
15:50 Guard Tower
15:53 Guard Tower
15:55 Scout Tower
15:56 Scout Tower
15:57 Scout Tower
16:47 Guard Tower
16:49 Arcane Vault
19:12 Guard Tower
19:12 Scout Tower
20:06 Gryphon Aviary
20:08 Guard Tower
20:09 Scout Tower
20:10 Scout Tower
20:10 Scout Tower
21:48 Guard Tower
21:49 Scout Tower
24:51 Farm
25:17 Farm
26:08 Guard Tower
26:09 Scout Tower
26:10 Scout Tower
27:08 Guard Tower
32:47 Scout Tower
32:48 Scout Tower
32:49 Scout Tower
32:50 Scout Tower
32:51 Scout Tower
32:51 Scout Tower
32:52 Scout Tower
32:58 Scout Tower
32:59 Scout Tower
33:01 Scout Tower
33:02 Scout Tower
33:02 Scout Tower
33:04 Scout Tower
33:06 Scout Tower
33:07 Scout Tower
33:27 Guard Tower
33:33 Guard Tower
34:21 Guard Tower
35:16 Guard Tower
35:44 Guard Tower
35:59 Guard Tower
36:02 Scout Tower
36:02 Scout Tower
36:47 Guard Tower
36:48 Scout Tower
36:50 Scout Tower
» items
| Scroll of Regeneration | 11 | |
| Lesser Clarity Potion | 8 | |
| Mechanical Critter | 1 | |
| Boots of Speed | 2 | |
| Staff of Teleportation | 2 | |
| Orb of Fire | 2 | |
| Staff of Sanctuary | 2 | |
| Potion of Lesser Invulnerability | 1 | |
29 total

»
TIMG4STRok (
green | 96 APM | 4025 actions | 41:49)
4 Mountain King
2 Storm Bolt
2 Bash
3 Paladin
2 Holy Light
1 Divine Shield
3 Blood Mage
2 Banish
1 Flame Strike
» actions
| Assign group hotkey | 3 | |
| Basic commands | 84 | |
| Build / train | 96 | |
| ESC pressed | 5 | |
| Enter build submenu | 62 | |
| Enter hero's abilities submenu | 10 | |
| Give item / drop item | 4 | |
| Right click | 1823 | |
| Select / deselect | 272 | |
| Select group hotkey | 1416 | |
| Use ability | 250 | |
4025 total
» units
» upgrades
| Masonry | 3 | |
| Lumber Harvesting | 2 | |
| Magic Sentry | 1 | |
6 total
» buildings
| Lumber Mill | 1 | |
| Farm | 3 | |
| Altar of Kings | 1 | |
| Scout Tower | 72 | |
| Arcane Tower | 2 | |
| Guard Tower | 30 | |
| Town Hall | 1 | |
| Keep | 1 | |
| Arcane Sanctum | 2 | |
| Castle | 1 | |
| Arcane Vault | 2 | |
116 total
» build order
00:24 Lumber Mill
00:31 Farm
00:41 Altar of Kings
00:47 Scout Tower
01:35 Scout Tower
01:47 Scout Tower
02:03 Arcane Tower
02:03 Arcane Tower
02:17 Guard Tower
02:31 Scout Tower
02:37 Scout Tower
02:46 Scout Tower
02:57 Farm
03:11 Scout Tower
03:12 Guard Tower
03:24 Scout Tower
03:26 Guard Tower
03:37 Scout Tower
03:38 Guard Tower
03:54 Guard Tower
03:56 Scout Tower
04:17 Guard Tower
04:23 Scout Tower
04:31 Guard Tower
04:40 Scout Tower
05:12 Scout Tower
05:20 Guard Tower
05:23 Scout Tower
06:19 Town Hall
06:27 Scout Tower
06:37 Guard Tower
07:06 Guard Tower
07:18 Scout Tower
07:41 Scout Tower
07:44 Scout Tower
07:45 Scout Tower
07:48 Guard Tower
08:16 Scout Tower
08:18 Scout Tower
08:31 Keep
08:54 Guard Tower
08:55 Guard Tower
09:17 Guard Tower
09:20 Scout Tower
09:54 Guard Tower
10:02 Scout Tower
10:02 Scout Tower
10:03 Scout Tower
10:13 Scout Tower
10:13 Scout Tower
10:15 Scout Tower
10:15 Scout Tower
10:17 Scout Tower
10:17 Scout Tower
11:24 Guard Tower
11:27 Arcane Sanctum
11:39 Guard Tower
11:41 Scout Tower
11:42 Scout Tower
11:42 Scout Tower
12:52 Guard Tower
12:56 Arcane Sanctum
13:07 Guard Tower
13:09 Scout Tower
13:10 Scout Tower
13:10 Scout Tower
13:11 Scout Tower
13:11 Scout Tower
13:12 Scout Tower
14:02 Guard Tower
14:08 Scout Tower
14:09 Scout Tower
14:09 Scout Tower
14:10 Scout Tower
14:11 Scout Tower
14:13 Castle
14:18 Scout Tower
14:19 Scout Tower
14:22 Scout Tower
14:23 Scout Tower
14:33 Guard Tower
16:11 Guard Tower
16:47 Farm
17:02 Scout Tower
17:07 Scout Tower
17:09 Scout Tower
17:10 Scout Tower
17:11 Scout Tower
17:23 Guard Tower
17:24 Arcane Vault
17:26 Arcane Vault
18:08 Guard Tower
20:13 Guard Tower
20:14 Scout Tower
20:15 Scout Tower
20:16 Scout Tower
20:16 Scout Tower
20:17 Scout Tower
21:21 Guard Tower
21:45 Guard Tower
21:48 Scout Tower
21:48 Scout Tower
21:49 Scout Tower
21:50 Scout Tower
21:52 Scout Tower
21:54 Scout Tower
21:54 Scout Tower
22:31 Guard Tower
23:34 Guard Tower
41:04 Scout Tower
41:05 Scout Tower
41:06 Scout Tower
41:07 Scout Tower
41:11 Scout Tower
41:11 Scout Tower
» items
| Boots of Speed | 4 | |
| Staff of Teleportation | 5 | |
| Orb of Fire | 3 | |
| Potion of Healing | 2 | |
| Scroll of Regeneration | 2 | |
| Lesser Clarity Potion | 2 | |
| Staff of Sanctuary | 3 | |
| Potion of Invisibility | 1 | |
22 total
team 2 (loser)
1)eath13r1nger (
red | 43 APM | 1804 actions | 41:46)
5 Dreadlord
2 Vampiric Aura
2 Sleep
1 Carrion Swarm
1 Death Knight
1 Unholy Aura
» actions
| Assign group hotkey | 32 | |
| Basic commands | 184 | |
| Build / train | 58 | |
| ESC pressed | 3 | |
| Enter build submenu | 19 | |
| Enter hero's abilities submenu | 6 | |
| Give item / drop item | 1 | |
| Right click | 709 | |
| Select / deselect | 512 | |
| Select group hotkey | 208 | |
| Use ability | 72 | |
1804 total
» units
| Acolyte | 2 | |
| Ghoul | 15 | |
| Necromancer | 8 | |
| Banshee | 1 | |
| Meatwagon | 6 | |
| Obsidian Statue | 1 | |
| Frost Wyrm | 4 | |
37 total
» upgrades
| Cannibalize | 1 | |
| Unholy Strength | 2 | |
| Skeletal Longevity | 1 | |
| Unholy Armor | 1 | |
| Exhume Corpses | 1 | |
| Necromancer Training | 2 | |
| Skeletal Mastery | 1 | |
| Freezing Breath | 1 | |
10 total
» buildings
| Altar of Darkness | 1 | |
| Ziggurat | 7 | |
| Crypt | 2 | |
| Graveyard | 1 | |
| Halls of the Dead | 1 | |
| Black Citadel | 1 | |
| Temple of the Damned | 2 | |
| Tomb of Relics | 1 | |
| Slaughterhouse | 1 | |
| Sacrificial Pit | 1 | |
| Boneyard | 2 | |
20 total
» build order
00:02 Altar of Darkness
00:04 Ziggurat
00:35 Crypt
01:05 Crypt
01:28 Ziggurat
02:12 Ziggurat
04:07 Graveyard
05:25 Ziggurat
05:53 Halls of the Dead
09:14 Black Citadel
09:17 Temple of the Damned
09:21 Temple of the Damned
09:29 Ziggurat
09:31 Ziggurat
11:14 Tomb of Relics
11:32 Slaughterhouse
21:06 Sacrificial Pit
22:02 Boneyard
22:04 Boneyard
22:11 Ziggurat
» items
13aT]V[aN- (
orange | 44 APM | 1850 actions | 41:49)
4 Paladin
2 Devotion Aura
1 Divine Shield
1 Holy Light
3 Mountain King
2 Storm Bolt
1 Bash
» actions
| Basic commands | 11 | |
| Build / train | 140 | |
| Enter build submenu | 67 | |
| Enter hero's abilities submenu | 7 | |
| Give item / drop item | 2 | |
| Remove unit from queue | 5 | |
| Right click | 813 | |
| Select / deselect | 661 | |
| Use ability | 144 | |
1850 total
» units
| Peasant | 32 | |
| Footman | 9 | |
| Priest | 4 | |
| Knight | 2 | |
| Spell Breaker | 1 | |
| Dragonhawk Rider | 18 | |
| Sorceress | 1 | |
| Siege Engine | 5 | |
| Mortar Team | 3 | |
| Gryphon Rider | 1 | |
76 total
» upgrades
| Defend | 1 | |
| Swords | 2 | |
| Plating | 3 | |
| Priest Training | 2 | |
| Lumber Harvesting | 1 | |
| Animal War Training | 1 | |
| Masonry | 3 | |
| Cloud | 1 | |
| Gunpowder | 2 | |
| Armor | 2 | |
| Barrage | 1 | |
| Flare | 1 | |
| Fragmentation Shards | 1 | |
21 total
» buildings
| Altar of Kings | 1 | |
| Farm | 12 | |
| Barracks | 2 | |
| Scout Tower | 31 | |
| Arcane Tower | 2 | |
| Keep | 1 | |
| Lumber Mill | 1 | |
| Blacksmith | 1 | |
| Castle | 1 | |
| Arcane Sanctum | 1 | |
| Town Hall | 4 | |
| Arcane Vault | 2 | |
| Guard Tower | 19 | |
| Gryphon Aviary | 2 | |
| Workshop | 4 | |
84 total
» build order
00:12 Altar of Kings
00:16 Farm
01:01 Barracks
01:04 Farm
01:10 Scout Tower
01:38 Arcane Tower
01:58 Scout Tower
02:26 Arcane Tower
03:33 Farm
03:33 Farm
04:16 Barracks
04:40 Keep
04:48 Lumber Mill
06:13 Blacksmith
07:07 Farm
07:49 Castle
07:52 Arcane Sanctum
08:28 Town Hall
08:30 Scout Tower
08:33 Town Hall
09:03 Farm
09:19 Arcane Vault
09:21 Scout Tower
10:12 Scout Tower
10:13 Guard Tower
10:42 Scout Tower
10:43 Guard Tower
11:39 Guard Tower
12:43 Scout Tower
12:46 Scout Tower
13:16 Guard Tower
13:17 Guard Tower
13:27 Farm
14:04 Farm
14:07 Scout Tower
14:42 Guard Tower
14:44 Farm
15:50 Gryphon Aviary
15:53 Gryphon Aviary
16:43 Town Hall
16:47 Scout Tower
16:49 Scout Tower
16:50 Scout Tower
16:51 Scout Tower
17:39 Guard Tower
17:42 Workshop
17:48 Workshop
18:28 Town Hall
19:24 Scout Tower
19:46 Scout Tower
19:52 Workshop
20:08 Guard Tower
20:10 Scout Tower
20:42 Guard Tower
20:57 Scout Tower
21:14 Workshop
21:21 Scout Tower
21:33 Guard Tower
21:36 Scout Tower
21:53 Guard Tower
21:58 Scout Tower
22:12 Guard Tower
22:36 Scout Tower
23:10 Guard Tower
23:11 Scout Tower
23:14 Farm
23:39 Guard Tower
25:04 Farm
25:06 Scout Tower
25:19 Scout Tower
25:23 Scout Tower
25:29 Scout Tower
25:36 Farm
26:01 Guard Tower
26:03 Scout Tower
26:06 Scout Tower
26:07 Guard Tower
26:11 Scout Tower
26:15 Scout Tower
26:21 Scout Tower
26:36 Guard Tower
27:11 Guard Tower
28:23 Guard Tower
28:39 Arcane Vault
» items
| Orb of Fire | 1 | |
| Scroll of Regeneration | 1 | |
| Scroll of Town Portal | 2 | |
| Potion of Healing | 1 | |
5 total
SpyN (
teal | 40 APM | 1652 actions | 41:49)
5 Priestess of the Moon
3 Trueshot Aura
2 Searing Arrows
3 Keeper of the Grove
2 Thorns Aura
1 Entangling Roots
» actions
| Assign group hotkey | 2 | |
| Basic commands | 100 | |
| Build / train | 62 | |
| Enter build submenu | 19 | |
| Enter hero's abilities submenu | 8 | |
| Remove unit from queue | 2 | |
| Right click | 927 | |
| Select / deselect | 490 | |
| Select group hotkey | 16 | |
| Use ability | 26 | |
1652 total
» units
| Wisp | 13 | |
| Archer | 16 | |
| Glaive Thrower | 2 | |
| Dryad | 12 | |
43 total
» upgrades
| Improved Bows | 1 | |
| Abolish Magic | 1 | |
| Strength of the Moon | 2 | |
| Moon Armor | 0 | |
| Strength of the Wild | 1 | |
5 total
» buildings
| Ancient of War | 2 | |
| Moon Well | 9 | |
| Altar of Elders | 1 | |
| Hunter's Hall | 1 | |
| Tree of Ages | 1 | |
| Ancient of Lore | 2 | |
| Ancient of Wonders | 1 | |
| Tree of Eternity | 1 | |
| Tree of Life | 2 | |
20 total
» build order
00:04 Ancient of War
00:16 Moon Well
00:35 Altar of Elders
01:35 Ancient of War
01:58 Moon Well
02:59 Moon Well
04:02 Moon Well
05:45 Hunter's Hall
06:11 Tree of Ages
07:12 Moon Well
08:10 Moon Well
08:40 Ancient of Lore
08:45 Ancient of Wonders
09:13 Moon Well
10:42 Ancient of Lore
11:43 Tree of Eternity
13:07 Moon Well
16:41 Moon Well
22:59 Tree of Life
23:25 Tree of Life
Chat log
(15:09 / All) 13aT]V[aN-: wow you imba ass noobs
(15:14 / All) iggyiggyiggy: bye noob leave shit
(15:18 / All) 13aT]V[aN-: k noob
(15:23 / All) iggyiggyiggy: thanks for the win
(15:25 / All) 13aT]V[aN-: tower some more go back to custom
(15:31 / All) iggyiggyiggy: why when i win at ladder
(15:34 / All) iggyiggyiggy: do you win?
(16:37 / All) iggyiggyiggy: nice move noob lol
(16:39 / All) iggyiggyiggy: Leave
(16:41 / All) iggyiggyiggy: thanks for the win
(16:56 / All) 13aT]V[aN-: We'llsee
(17:05 / All) iggyiggyiggy: we already did game over bye u noobs
(18:33 / All) iggyiggyiggy: ty for the free experience noob
(19:07 / All) HIGHPERCH: nice orange
(19:08 / All) HIGHPERCH: thanks
(20:15 / All) iggyiggyiggy: thank you; team noob for this win
(20:25 / All) 13aT]V[aN-: tower some more
(20:27 / All) 13aT]V[aN-: noob
(20:28 / All) HIGHPERCH: ok
(20:29 / All) HIGHPERCH: i will!
(20:29 / All) iggyiggyiggy: ok
(20:32 / All) 13aT]V[aN-: 1v1 after this then
(20:38 / All) 13aT]V[aN-: i own you 1 min
(20:40 / All) iggyiggyiggy: 1v1 noob?
(20:41 / All) iggyiggyiggy: 1v1?
(20:42 / All) iggyiggyiggy: Lol dont dodge
(20:46 / All) iggyiggyiggy: 1v1 after this shitnoob
(20:47 / All) iggyiggyiggy: any of u
(20:52 / All) 13aT]V[aN-: lets 1v1 then noob
(20:56 / All) HIGHPERCH: leave
(20:59 / All) iggyiggyiggy: l
(22:27 / All) 13aT]V[aN-: fuckin noob
(22:32 / All) iggyiggyiggy: 1v1 noobs?
(22:32 / All) HIGHPERCH: what you kill
(22:33 / All) HIGHPERCH: nothin
(22:36 / All) HIGHPERCH: what i kill
(22:37 / All) HIGHPERCH: 6 towers
(22:41 / All) 13aT]V[aN-: what you kill a tower?
(22:44 / All) 13aT]V[aN-: lol 6?
(22:49 / All) 13aT]V[aN-: you killed one
(22:52 / All) TIMG4STRok: ROFL
(23:02 / All) iggyiggyiggy: too dumb to count too dumb to beat towers
(23:09 / All) iggyiggyiggy: we dont even make a ground unit still win this game no problem
(23:14 / All) iggyiggyiggy: noobshit
(23:24 / All) 13aT]V[aN-: k noob just keep towering
(23:34 / All) 13aT]V[aN-: thats your imba way of winning
(23:44 / All) HIGHPERCH: lmao
(23:46 / All) HIGHPERCH: what you're saying is
(23:51 / All) HIGHPERCH: you're fucking awful
(23:57 / All) iggyiggyiggy: should we play like fat noobs maybe give you a chance to win
(24:04 / All) 13aT]V[aN-: you massed towers from the start
(24:06 / All) iggyiggyiggy: let's make necromancers guys maybe orange can get frist win
(24:55 / All) 13aT]V[aN-: lol omfg.... Such noobs... wow Relying on towers...
(25:04 / All) HIGHPERCH: lol omfg.....such noobs.....losing to towers wow
(25:05 / All) iggyiggyiggy: ty for this win all we needed was towers
(25:08 / All) iggyiggyiggy: that's how bad you are
(25:14 / All) iggyiggyiggy: because you're stupid
(26:57 / All) iggyiggyiggy: heya noobs leave this game 1v1 me shits
(28:04 / All) 13aT]V[aN-: ouch THE FOR THE EXP
(28:12 / All) HIGHPERCH: lmfao
(28:14 / All) HIGHPERCH: ty for the win
(28:22 / All) SpyN: just win alrdy then
(28:32 / All) HIGHPERCH: done
(28:44 / All) iggyiggyiggy: ty for the experience thanks a lot thank you
(32:16 / All) iggyiggyiggy: ty noobs
(32:23 / All) HIGHPERCH: wow
(32:24 / All) HIGHPERCH: ty for exp
(33:13 / All) HIGHPERCH: ty
(33:15 / All) iggyiggyiggy: we would mainly like to thank orange for this free win
(33:22 / All) iggyiggyiggy: taking all the gold losing it to towers thank you
(33:25 / All) iggyiggyiggy: for being a noob
(33:30 / All) iggyiggyiggy: don't dodge 1v1 thanks
(35:46 / All) iggyiggyiggy: hey noobs how you doing
(39:38 / All) iggyiggyiggy: ty noobs
(39:46 / All) 13aT]V[aN-: imba ass noobs
(39:50 / All) HIGHPERCH: leave noob
(39:51 / All) HIGHPERCH: bye
(39:52 / All) iggyiggyiggy: damn you suck at this game
(39:55 / All) iggyiggyiggy: leave
(40:00 / All) 13aT]V[aN-: go toewer some more
(40:03 / All) HIGHPERCH: i will
(40:04 / All) HIGHPERCH: 1v1?
(40:07 / All) iggyiggyiggy: 1v1 noob?
(40:15 / All) 13aT]V[aN-: fuck you i aint wasting the time prolly just tower all game
(40:18 / All) HIGHPERCH: lmao
(40:19 / All) iggyiggyiggy: LMAO dodge
(40:21 / All) HIGHPERCH: afraid?
(40:22 / All) iggyiggyiggy: here it comes
(40:23 / All) iggyiggyiggy: noob
(40:27 / All) TIMG4STRok: Lololloololol
(40:28 / All) iggyiggyiggy: shitnoob thanks for losing to towers
(40:33 / All) 13aT]V[aN-: its ok
(40:37 / All) iggyiggyiggy: HURUM HOW DO I KILL TOWERS MY EYLIDS ARE SO FAT I
(40:39 / All) 13aT]V[aN-: your Still noob
(40:40 / All) iggyiggyiggy: M A USELESS SLOB
(40:45 / All) HIGHPERCH: if i'm noob
(40:46 / All) HIGHPERCH: you lose to me
(41:03 / All) iggyiggyiggy: sweet hawk rally
(41:05 / All) iggyiggyiggy: damn you noob orange
(41:10 / All) iggyiggyiggy: why do you rally hawks into towers shitnoobs
(41:13 / All) iggyiggyiggy: you needed those 2 hawks
(41:26 / All) 1)eath13r1nger: ok congrats on the bitchass strat... it was nice
(41:34 / All) 13aT]V[aN-: no shit
(41:37 / All) 13aT]V[aN-: IMBA
(41:38 / All) HIGHPERCH: ty
(41:47 / All) iggyiggyiggy: thanks for losing